 Dungeon Crawl Stone Soup version 0.27.1-33-g824d729ab1 (webtiles) character file.

Game seed: 9141558542517031283

13482 alasdair19 the Blocker (level 11, 0/95 HPs)
             Began as a Minotaur Fighter on Dec 11, 2021.
             Was a High Priest of Okawaru.
             Slain by a two-headed ogre (6 damage)
             ... while paralysed by an orc sorcerer
             ... on level 1 of the Orcish Mines.
             The game lasted 00:37:39 (12491 turns).

alasdair19 the Blocker (Minotaur Fighter)          Turns: 12491, Time: 00:37:39

Health: 0/95       AC: 21    Str: 23    XL:     11   Next: 76%
Magic:  11/12      EV:  2    Int:  6    God:    Okawaru [*****.]
Gold:   358        SH:  0    Dex: 10    Spells: 10/10 levels left

rFire    . . .     SeeInvis .   a - +1 long sword
rCold    . . .     Faith    .   c - +1 kite shield
rNeg     . . .     Spirit   .   O - +0 plate armour
rPois    .         Reflect  .   (helmet restricted)
rElec    .         Harm     .   o - +1 cloak
rCorr    .         Rampage  .   (no gloves)
Will     .....                  (no boots)
Stlth    ..........             f - amulet of the acrobat
HPRegen  0.25/turn              j - +4 ring of evasion
MPRegen  0.13/turn              C - +4 ring of protection

@: paralysed
A: horns 2, retaliatory headbutt
a: Renounce Religion, Heroism, Finesse


You were on level 1 of the Orcish Mines.
You worshipped Okawaru.
Okawaru was extremely pleased with you.
You visited 3 branches of the dungeon, and saw 13 of its levels.

You collected 598 gold pieces.
You spent 240 gold pieces at shops.

Inventory:

Hand Weapons
 a - a +1 long sword (weapon)
 G - the +5 short sword of Four {venom, Fly rF- Will+ SInv}
   (You found it on level 9 of the Dungeon)

   It poisons the flesh of those it strikes.
   rF:        It makes you vulnerable to fire.
   SInv:      It lets you see invisible.
   Fly:       It grants you flight.
   Will:      It increases your willpower.
 I - a +4 short sword
Missiles
 l - 3 throwing nets
 s - 24 poisoned darts (quivered)
 y - 14 boomerangs
 H - a curare-tipped dart
Armour
 c - a +1 kite shield (worn)
 k - a +0 chain mail
 o - a +1 cloak (worn)
 O - a +0 plate armour (worn)
 P - a +0 chain mail of fire resistance
Jewellery
 f - an amulet of the acrobat (around neck)
 j - a +4 ring of evasion (left hand)
 C - a +4 ring of protection (right hand)
Wands
 d - a wand of polymorph (8)
 e - a wand of charming (5)
 B - a wand of iceblast (7)
 J - a wand of mindburst (15)
 N - a wand of flame (15)
Scrolls
 m - a scroll of fear {unknown}
 n - 2 scrolls of enchant weapon
 r - a scroll of magic mapping
 t - a scroll of silence
 u - a scroll of teleportation {unknown}
 v - 4 scrolls of fog
 w - a scroll of immolation {unknown}
 x - a scroll of enchant armour
 E - a scroll of blinking {unknown}
 F - a scroll of summoning {unknown}
 L - a scroll of amnesia {unknown}
 M - a scroll of torment {unknown}
Potions
 b - 2 potions of invisibility
 g - 3 potions of flight
 h - a potion of resistance
 i - 3 potions of lignification
 p - 5 potions of haste
 q - a potion of magic
 z - 4 potions of brilliance
 A - a potion of mutation
 D - a potion of attraction
 K - 3 potions of curing


   Skills:
 + Level 8.5 Fighting
 + Level 0.7(6.8) Short Blades
 + Level 11.6 Long Blades
 + Level 5.7 Throwing
 + Level 11.0 Armour
 - Level 0.5 Dodging
 + Level 12.0 Shields
 * Level 3.0 Invocations
 * Level 2.9 Evocations


You had 10 spell levels left.
You didn't know any spells.
Your spell library contained the following spells:

 Spells                   Type           Power      Damage    Failure   Level
 Animate Skeleton         Necr           0%         N/A       100%        1
 Pain                     Necr           0%         1d4       100%        1
 Blink                    Tloc           N/A        N/A       100%        2
 Slow                     Hex            0%         N/A       100%        2
 Static Discharge         Conj/Air       0%         N/A       100%        2
 Dazzling Flash           Conj/Hex       0%         N/A       100%        3
 Ozocubu's Armour         Ice            0%         N/A       100%        3
 Tukima's Dance           Hex            0%         N/A       100%        3
 Vampiric Draining        Necr           0%         2d6       100%        3
 Iskenderun's Mystic Bla  Conj/Tloc      0%         2d3       100%        4
 Lightning Bolt           Conj/Air       0%         1d11      100%        5
 Manifold Assault         Tloc           0%         N/A       100%        5
 Yara's Violent Unravell  Hex/Tmut       0%         3d3       100%        5
 Starburst                Conj/Fire      0%         6d3       100%        6
 Ozocubu's Refrigeration  Ice            0%         4d5       100%        7
 Storm Form               Tmut/Air       0%         N/A       100%        7
 Maxwell's Capacitive Co  Air            0%         ∞         100%        8
 Death's Door             Necr           0%         N/A       100%        9


Dungeon Overview and Level Annotations

Branches:
Dungeon (10/15)            Temple (1/1) D:7             Orc (2/2) D:10
    Elf (0/3) Orc:2
   Lair: D:8-11

Altars:
Ashenzari
Cheibriados
Dithmenos
Elyvilon
Gozag
Hepliaklqana
Kikubaaqudgha
Makhleb
Nemelex Xobeh
Okawaru
Sif Muna
Trog
Uskayaw
Vehumet
Wu Jian
Xom
Zin
The Shining One

Shops:
D:1 ?=   D:2 ?   D:4 ?

Annotations:
D:6 1 runed translucent door, mandor's ghost, novice DjFE


Innate Abilities, Weirdness & Mutations

You have a pair of horns on your head.
You reflexively headbutt those who attack you in melee.


Message History

The two-headed ogre barely misses you. You block the two-headed ogre's attack.
The orc sorcerer casts a spell.
You closely miss the orc sorcerer. You block the warg's attack.
You slice the orc sorcerer!!
The orc sorcerer is heavily wounded.
The orc sorcerer casts a spell at you.
You suddenly lose the ability to move!
The two-headed ogre hits you with a +0 giant spiked club.
The two-headed ogre hits you with a +0 giant club!
The orange demon stings you but does no damage.
The orange demon hits you but does no damage.
The warg bites you but does no damage.
The orc sorcerer mumbles some strange words.
The warg bites you but does no damage.
The orange demon stings you but does no damage.
The orange demon hits you but does no damage.
The two-headed ogre hits you but does no damage.
The two-headed ogre hits you with a +0 giant club!
The warg bites you.
The orc sorcerer hits you but does no damage.
The orange demon stings you but does no damage.
The orange demon hits you.
The chaos spawn gores you but does no damage.
The warg bites you but does no damage.
The two-headed ogre hits you with a +0 giant spiked club!!
* * * LOW HITPOINT WARNING * * *
The two-headed ogre hits you with a +0 giant club.
* * * LOW HITPOINT WARNING * * *
The orc sorcerer hits you but does no damage.
The orange demon stings you but does no damage.
The orange demon hits you but does no damage.
The warg bites you but does no damage. The chaos spawn hits you.
* * * LOW HITPOINT WARNING * * *
The chaos spawn freezes you!
* * * LOW HITPOINT WARNING * * *
You feel like a meek peon again.
The orc sorcerer hits you with a +0 dagger.
* * * LOW HITPOINT WARNING * * *
The two-headed ogre hits you with a +0 giant spiked club.
You die...

#..####....#
#...##.....####
#.........###.#
##.#....####.####
###..### #...#.##
###.....####.....#
#........##.....###
#...##.......##[o.##
...#####...####O@4.#
#....##......##.h4.#
#.#.<#..#....#..####
###.))..##......# #
#...#####...###
###...[..###.##
##...#....###.#
.#..##....# ###
....####..#


You could see a two-headed ogre, an orange demon (summoned), a chaos spawn
(summoned), a warg and an orc sorcerer.

Vanquished Creatures
  4 two-headed ogres
  Pikel (D:7)
  2 orc knights (D:10)
  An orc sorcerer (Orc:1)
  A manticore (D:10)
  An unseen horror (D:7)
  3 trolls
  A shadow (D:9)
  11 yaks
  A wraith (D:9)
  Eustachio (D:4)
  A swamp worm (D:8)
  A warg (D:10)
  Menkaure (D:7)
  6 water moccasins
  10 orc warriors
  A sky beast (D:6)
  3 hornet zombies
  2 ice beasts
  5 ogres
  3 centaurs
  A lemure (D:7)
  2 kobold brigands
  A bullfrog (D:8)
  2 gnoll sergeants
  A scorpion (D:4)
  A wyvern zombie (D:7)
  3 water moccasin zombies
  A water moccasin skeleton (D:4)
  A wyvern skeleton (D:7)
  A howler monkey (D:6)
  12 wights
  4 centaur zombies
  A bullfrog zombie (D:5)
  A jelly (D:7)
  5 orc priests
  3 hounds
  A bullfrog skeleton (D:6)
  Jessica (D:3)
  A centaur skeleton (D:7)
  2 iguanas
  16 orc wizards
  A killer bee zombie (D:6)
  15 gnolls
  7 adders
  2 white imps
  An adder skeleton (D:4)
  2 worms
  25 orcs
  7 endoplasms
  7 giant cockroaches
  5 goblins (D:1)
  8 hobgoblins
  6 quokkas
  3 ball pythons (D:1)
  6 bats
  4 frilled lizards
  21 kobolds
  4 rats
  A spectral hobgoblin (D:3)
246 creatures vanquished.

Vanquished Creatures (others)
  An orc wizard (D:6)
  4 plants (D:8)
5 creatures vanquished.

Grand Total: 251 creatures vanquished

Notes
Turn   | Place    | Note
-------+----------+-------------------------------------------
     0 | D:1      | alasdair19 the Minotaur Fighter began the quest for the
                  | Orb.
     0 | D:1      | Reached XP level 1. HP: 19/19 MP: 0/0
   174 | D:1      | Reached XP level 2. HP: 15/27 MP: 1/1
   378 | D:1      | Reached skill level 4 in Shields
   544 | D:1      | Found Rifrofuo's Magic Scroll Boutique.
   741 | D:1      | Reached XP level 3. HP: 33/33 MP: 2/2
   793 | D:1      | Found Seumump's Jewellery Shoppe.
   886 | D:1      | Bought a scroll of identify for 28 gold pieces
  1189 | D:2      | Reached XP level 4. HP: 35/40 MP: 3/3
  1262 | D:2      | Found Eqech's Magic Scroll Emporium.
  1276 | D:2      | Bought a scroll of identify for 22 gold pieces
  1626 | D:3      | Found a faded altar of an unknown god.
  1643 | D:3      | Reached skill level 5 in Shields
  1919 | D:2      | Bought a scroll of identify for 22 gold pieces
  1968 | D:1      | Bought a scroll of identify for 28 gold pieces
  2158 | D:3      | Reached XP level 5. HP: 38/46 MP: 4/4
  2232 | D:3      | Noticed Jessica
  2251 | D:3      | Killed Jessica
  2435 | D:4      | Reached skill level 1 in Throwing
  2436 | D:4      | Found Yxiufaeq's Magic Scroll Shoppe.
  2453 | D:4      | Noticed Eustachio
  2641 | D:4      | Found a hide-covered altar of Uskayaw.
  2701 | D:4      | Killed Eustachio
  2702 | D:4      | Reached skill level 5 in Armour
  2702 | D:4      | Reached XP level 6. HP: 47/53 MP: 5/5
  2753 | D:4      | Bought a scroll of fog for 28 gold pieces
  2753 | D:4      | Bought a scroll of fog for 28 gold pieces
  2806 | D:4      | Found a burning altar of Makhleb.
  2851 | D:4      | Found a hazy altar of Hepliaklqana.
  2907 | D:4      | Reached skill level 5 in Long Blades
  3226 | D:5      | Entered Level 5 of the Dungeon
  3265 | D:5      | Noticed an ice beast
  3274 | D:5      | Killed an ice beast
  3275 | D:5      | Reached XP level 7. HP: 60/60 MP: 6/6
  3294 | D:5      | Reached skill level 6 in Shields
  3471 | D:5      | Reached skill level 5 in Fighting
  3486 | D:5      | Found an opulent altar of Gozag.
  3710 | D:5      | Reached XP level 8. HP: 48/68 MP: 7/7
  4038 | D:6      | Noticed mandor's ghost (novice DjFE)
  4041 | D:6      | Found a runed translucent door.
  4077 | D:6      | Reached skill level 7 in Shields
  4150 | D:4      | Bought a scroll of identify for 28 gold pieces
  4150 | D:4      | Bought a scroll of identify for 28 gold pieces
  4150 | D:4      | Bought a scroll of identify for 28 gold pieces
  4459 | D:6      | Found a radiant altar of Vehumet.
  4479 | D:6      | Found an ancient bone altar of Kikubaaqudgha.
  4798 | D:6      | Got Kikubaaqudgha's Catalogue of Evil
  4809 | D:6      | Found a shimmering blue altar of Sif Muna.
  5016 | D:5      | Reached skill level 8 in Shields
  5680 | D:7      | Reached XP level 9. HP: 75/75 MP: 8/8
  5893 | D:7      | Noticed Menkaure
  5904 | D:7      | Noticed Pikel
  5907 | D:7      | Killed Menkaure
  5923 | D:7      | Killed Pikel
  5924 | D:7      | Reached skill level 9 in Shields
  5927 | D:7      | HP: 2/78 [water moccasin (5)]
  6416 | D:7      | Found a staircase to the Ecumenical Temple.
  6420 | Temple   | Entered the Ecumenical Temple
  6429 | Temple   | Became a worshipper of Warmaster Okawaru
  6969 | D:8      | Noticed a two-headed ogre
  6975 | D:8      | Killed a two-headed ogre
  6976 | D:8      | Reached XP level 10. HP: 49/86 MP: 9/9
  7193 | D:8      | Reached * piety under Okawaru
  7444 | D:8      | Reached skill level 10 in Shields
  7565 | D:8      | Reached skill level 10 in Long Blades
  7998 | D:8      | Got the Disquisition on Ensnaring Stolen Souls
  8071 | D:9      | Noticed a two-headed ogre
  8091 | D:9      | Killed a two-headed ogre
  8091 | D:9      | Reached ** piety under Okawaru
  8575 | D:9      | Identified the +5 short sword of Four {venom, Fly rF- Will+
                  | SInv}
  8700 | D:7      | Reached skill level 10 in Armour
  8814 | D:9      | Noticed a two-headed ogre
  8825 | D:9      | Killed a two-headed ogre
  8826 | D:9      | Reached skill level 5 in Throwing
  8826 | D:9      | Reached skill level 11 in Shields
  9008 | D:9      | Noticed a two-headed ogre
  9053 | D:9      | Killed a two-headed ogre
  9053 | D:9      | Reached *** piety under Okawaru
  9054 | D:9      | Reached XP level 11. HP: 86/94 MP: 10/10
  9861 | D:10     | Entered Level 10 of the Dungeon
  9911 | D:9      | Reached **** piety under Okawaru
 10043 | D:10     | Found a staircase to the Orcish Mines.
 10051 | D:10     | Reached skill level 1 in Invocations
 10057 | D:10     | Reached skill level 1 in Evocations
 10779 | D:10     | Found a sparkling altar of Nemelex Xobeh.
 11001 | Orc:1    | Entered Level 1 of the Orcish Mines
 11002 | Orc:1    | Noticed an orc knight
 11002 | Orc:1    | Noticed an orc sorcerer
 11029 | D:10     | Killed an orc knight
 11707 | Orc:1    | Killed an orc sorcerer
 11896 | D:10     | Reached ***** piety under Okawaru
 12132 | Orc:2    | Entered Level 2 of the Orcish Mines
 12132 | Orc:2    | Found a staircase to the Elven Halls.
 12139 | Orc:2    | Noticed an orc high priest
 12139 | Orc:2    | Noticed an orc sorcerer
 12150 | Orc:2    | Noticed an orc knight
 12151 | Orc:2    | Noticed an orc sorcerer
 12152 | Orc:2    | Noticed a sixfirhy
 12152 | Orc:2    | Noticed a soul eater
 12170 | Orc:2    | Noticed a two-headed ogre
 12205 | D:10     | Killed an orc knight
 12206 | D:10     | Reached skill level 12 in Shields
 12421 | Orc:2    | Noticed a soul eater
 12487 | Orc:1    | Paralysed by an orc sorcerer for 6 turns
 12491 | Orc:1    | Slain by a two-headed ogre

Illustrated notes

Levels and vault maps discovered:
D:1:      saegor_arrival_simple_b, layout_rooms, serial_shops,
          nicolae_shop_waterfront, shop, minmay_pentomino_z4
D:2:      layout_rooms, serial_shops, nicolae_square_shop,
          kennysheep_cluttered_room
D:3:      layout_rooms, dreamdust_ecumenical_altar_drowned_temple, uniq_jessica
D:4:      layout_rooms, lemuel_crystal_altar, lemuel_tele_altar,
          lemuel_doored_altar, serial_shops, nicolae_stop_n_shop_1,
          serial_park_tiny_1, hangedman_decor_points, uniq_eustachio
D:5:      layout_rooms, grunt_gozag_breadcrumbs, columned_hall_lemuel
D:6:      layout_loops_ring, palyth_temple_overflow_mages,
          hellmonk_ghost_happy_afterlife
D:7:      layout_rooms, temple_hall_moat, serial_rivers,
          chequers_serial_rivers_small_3, chequers_serial_rivers_room_a,
          chequers_serial_rivers_room_b, chequers_serial_rivers_micro_a,
          chequers_serial_rivers_room_b, chequers_serial_rivers_room_a,
          minmay_misc_feat_four_crosses, uniq_menkaure, uniq_pikel
D:8:      layout_cave_pools, grunt_ministairs_6, worms_lemuel
D:9:      layout_cave_pods
D:10:     layout_roguey, nemelex_altar_shiori, orc_0_dummy
Temple:   eino_temple_lava
Orc:1:    layout_diamond_mine
Orc:2:    st_orc_elflike, layout_caves, serial_shops, shop_coins

Skill      XL: |  1  2  3  4  5  6  7  8  9 10 11 |
---------------+----------------------------------+-----
Shields        | 4 5 6 8 9 11 12 | 12.0
Armour         | 4 5 7 9 10 11 | 11.0
Fighting       | 4 5 6 7 8 |  8.5
Long Blades    | 3 4 5 6 7 9 10 11 | 11.6
Throwing       | 1 2 3 5 |  5.7
Invocations    | 3 |  3.0
Evocations     | 2 |  2.9
Short Blades   | |  0.7
Dodging        | |  0.5

Action                   |  1- 3 |  4- 6 |  7- 9 | 10-12 || total
-------------------------+-------+-------+-------+-------++-------
Melee: Long sword        |    98 |   144 |   311 |   443 ||   996
       Headbutt          |     8 |    25 |    51 |   121 ||   205
       Short sword       |       |       |       |     7 ||     7
Throw: Throwing net      |       |     1 |       |       ||     1
       Dart              |       |    18 |    11 |    32 ||    61
       Boomerang         |       |       |     5 |    32 ||    37
Invok: Heroism           |       |       |       |     1 ||     1
Evoke: Wand              |       |       |       |     1 ||     1
  Use: Scroll            |     2 |     7 |     5 |     4 ||    18
       Potion            |       |       |     6 |     1 ||     7
Armor: Scale mail        |    36 |       |       |       ||    36
       Chain mail        |    15 |    71 |   206 |    98 ||   390
       Plate armour      |       |       |       |    64 ||    64
Dodge: Dodged            |    42 |    82 |   170 |   181 ||   475
Block: Kite shield       |    66 |    88 |   197 |   302 ||   653
       Rpst.: Long sword |     8 |    19 |    35 |    31 ||    93
